 Dungeon Crawl Stone Soup version 0.21.1-1-g345015f (webtiles) character file.

133 kae the Insei (level 4, -5/36 HPs)
             Began as a Draconian Transmuter on June 6, 2018.
             Slain by an orc
             ... wielding a +5 mace of protection
              (11 damage)
             ... on level 3 of the Dungeon.
             The game lasted 00:02:24 (3228 turns).

kae the Insei (Draconian Transmuter)                Turns: 3228, Time: 00:02:25

Health: -5/36      AC:  0    Str: 12    XL:     4   Next: 93%
Magic:  0/7        EV: 20    Int: 14    God:
Gold:   133        SH:  0    Dex: 17    Spells: 2/8 levels left

rFire    . . .     SeeInvis .     - Unarmed
rCold    . . .     Gourm    .   (shield currently unavailable)
rNeg     . . .     Faith    .   (armour unavailable)
rPois    x         Spirit   +   (helmet currently unavailable)
rElec    .         Reflect  .   (cloak currently unavailable)
rCorr    .         Harm     .   (gloves currently unavailable)
MR       .....                  (boots currently unavailable)
Stlth    ++........             o - amulet of guardian spirit
HPRegen  0.12/turn              e - ring of wizardry
MPRegen  0.10/turn              h - -2 ring of protection (curse)

@: spider-form (expiring), very slightly contaminated
A: tiny, unfitting armour, AC +5
a: End Transformation


You were on level 3 of the Dungeon.
You were hungry.
You were a venomous arachnid creature.
You visited 1 branch of the dungeon, and saw 3 of its levels.

You collected 133 gold pieces.

Inventory:

Missiles
 a - 47 arrows
Jewellery
 e - a ring of wizardry (left front leg)
 h - a cursed -2 ring of protection (right front leg)
 o - an amulet of guardian spirit (around neck)
Wands
 j - a wand of paralysis (15)
Potions
 d - a potion of haste
 f - 2 potions of experience {unknown}
 g - a potion of degeneration
 l - 2 potions of curing
Books
 b - a book of Changes

   Spells                             Type                      Level
   a - Beastly Appendage              Transmutation                1
   b - Sticks to Snakes               Transmutation                2
   c - Spider Form                    Transmutation/Poison         3
   d - Ice Form                       Ice/Transmutation            4
   e - Blade Hands                    Transmutation                5
 m - a book of Cantrips

   Spells                             Type                      Level
   a - Confusing Touch                Hexes                        1
   b - Animate Skeleton               Necromancy                   1
   c - Summon Small Mammal            Summoning                    1
   d - Apportation                    Translocation                1
Comestibles
 c - 7 rations


   Skills:
 + Level 2.1 Fighting
 + Level 2.3 Dodging
 * Level 4.0 Unarmed Combat
 + Level 2.5 Spellcasting
 * Level 3.2 Transmutations


You had 2 spell levels left.
You knew the following spells:

 Your Spells              Type           Power        Failure   Level  Hunger
a - Beastly Appendage     Tmut           ##....       7%          1    #......
b - Sticks to Snakes      Tmut           ##......     9%          2    ###....
c - Spider Form           Tmut/Pois      #.........   26%         3    ###....


Dungeon Overview and Level Annotations

Branches:
Dungeon (3/15)

Altars:
Wu Jian


Innate Abilities, Weirdness & Mutations

((Your plain brown scales are hard. (AC +5)))
You cannot fit into any form of body armour.
((You are cold-blooded and may be slowed by cold attacks.))


Message History

You hit the orc but do no damage.
You hear a bark!
The orc hits you with a mace of protection.
There are monsters nearby!
There are monsters nearby!
You closely miss the orc.
Your tail-slap misses the orc.
The orc hits you with a mace of protection!
You are too injured to fight recklessly!
Casting: Spider Form
Confirm with . or Enter, or press ? or * to list all spells.
You turn into a venomous arachnid creature.
The orc hits you with a mace of protection!
* * * LOW HITPOINT WARNING * * *
Your transformation is almost over.
You barely miss the orc. The orc closely misses you.
A jackal comes into view.
The jackal barks!
You hit the orc but do no damage.
The orc is poisoned.
The orc hits you with a mace of protection!
You die...

#................#....
#................ ....
#..............
#####.......>..
#.........###..
#..............
#............
#............
##...s.......
#..hoh....##
#....?....#
#.........#
#!........#
#...........
#........h..
#...........


You could see an orc and 3 jackals.

Vanquished Creatures
  An orc wizard (D:3)
  2 adders
  4 worms (D:2)
  3 dart slugs (D:1)
  2 leopard geckos (D:2)
  3 orcs (D:3)
  4 ball pythons
  4 bats (D:1)
  5 giant cockroaches
  5 goblins
  5 hobgoblins
  8 jackals (D:1)
  10 kobolds
  A quokka (D:2)
  3 frilled lizards
  4 rats
64 creatures vanquished.

Notes
Turn   | Place    | Note
-------+----------+-------------------------------------------
     0 | D:1      | kae the Draconian Transmuter began the quest for the Orb.
     0 | D:1      | Reached XP level 1. HP: 16/16 MP: 3/3
   191 | D:1      | Reached XP level 2. HP: 23/23 MP: 5/5
   195 | D:1      | Learned a level 2 spell: Sticks to Snakes
   556 | D:1      | Reached XP level 3. HP: 18/28 MP: 0/6
   618 | D:1      | Learned a level 3 spell: Spider Form
  2013 | D:2      | Reached XP level 4. HP: 28/36 MP: 5/7
  3164 | D:3      | Found an ornate altar of the Wu Jian Council.
  3212 | D:3      | Reached skill level 4 in Unarmed Combat
  3228 | D:3      | Slain by an orc

Skill      XL: |  1  2  3  4 |
---------------+-------------+-----
Dodging        | 2 |  2.3
Transmutations | 3 |  3.2
Fighting       | 2 |  2.1
Unarmed Combat | 4 |  4.0
Spellcasting   | |  2.5

Action                   |  1- 3 |  4- 6 || total
-------------------------+-------+-------++-------
Melee: Unarmed           |   155 |    77 ||   232
       Tailslap          |    22 |     4 ||    26
       Headbutt          |     3 |     1 ||     4
       Punch             |     4 |     1 ||     5
       Kick              |    12 |     3 ||    15
 Cast: Beastly Appendage |    19 |     9 ||    28
       Sticks to Snakes  |     1 |     1 ||     2
       Spider Form       |       |     2 ||     2
  Use: Scroll            |     1 |     5 ||     6
 Stab: Sleeping          |     1 |       ||     1
  Eat: Chunk             |     4 |     4 ||     8
Armor: Skin              |    45 |    16 ||    61
Dodge: Dodged            |   106 |    52 ||   158
